 Dungeon Crawl Stone Soup version 0.28.0-53-g5a82cb258f (webtiles) character file.

Game seed: 11504822953414987625

214 DocClef the Spear-Bearer (level 5, -4/38 HPs)
             Began as a Merfolk Gladiator on June 29, 2022.
             Killed by divine providence
             ... invoked by an orc priest
              (14 damage)
             ... on level 3 of the Dungeon.
             The game lasted 00:04:13 (2731 turns).

DocClef the Spear-Bearer (Merfolk Gladiator)        Turns: 2731, Time: 00:04:14

Health: -4/38      AC:  4    Str: 16    XL:     5   Next: 92%
Magic:  5/5        EV: 13    Int:  7    God:
Gold:   182        SH:  0    Dex: 16    Spells: 4/4 levels left

rFire   . . .      SeeInvis .   a - +0 trident
rCold   . . .      Faith    .   (no shield)
rNeg    . . .      Spirit   .   b - +0 leather armour
rPois   .          Reflect  .   c - +0 helmet
rElec   .          Harm     .   (no cloak)
rCorr   .          Rampage  .   (no gloves)
Will    .....                   (no boots)
Stlth   +.........              (no amulet)
HPRegen 0.12/turn               h - ring of flight
MPRegen 0.09/turn               (no ring)

@: flying
A: (nimble swimmer 2), mertail
a: no special abilities


You were on level 3 of the Dungeon.
You visited 1 branch of the dungeon, and saw 3 of its levels.

You collected 182 gold pieces.

Inventory:

Hand Weapons
 a - a +0 trident (weapon)
Missiles
 d - 3 throwing nets (quivered)
Armour
 b - a +0 leather armour (worn)
 c - a +0 helmet (worn)
Jewellery
 h - a ring of flight (left hand)
Scrolls
 f - 2 scrolls of identify {unknown}
 g - 3 scrolls of noise {unknown}
 i - a scroll of immolation {unknown}


   Skills:
 - Level 2.1 Fighting
 + Level 9.2 Polearms
 - Level 2.0 Throwing
 - Level 4.0 Dodging


You had 4 spell levels left.
You didn't know any spells.
Your spell library contained the following spells:

 Spells                   Type           Power      Damage    Failure   Level
 Confusing Touch          Hex            0%         N/A       86%         3
 Frozen Ramparts          Ice            0%         1d2       86%         3
 Ice Form                 Ice/Tmut       0%         N/A       99%         4
 Summon Ice Beast         Ice/Summ       0%         N/A       99%         4
 Yara's Violent Unravell  Hex/Tmut       0%         3d3       100%        5
 Enfeeble                 Hex            0%         N/A       100%        7


Dungeon Overview and Level Annotations

Branches:
Dungeon (3/15)

Altars:
Elyvilon


Innate Abilities, Weirdness & Mutations

((You are very nimble when in or above water. (Stealth+, EV+, Speed+++)))
Your lower body shifts to a powerful aquatic tail in water.


Message History

The phantom hits you but does no damage.
You barely miss the phantom.
The phantom is heavily damaged.
The phantom hits you.
The phantom blinks!
You blink.
You hit the phantom.
The phantom is severely damaged.
The phantom barely misses you.
You closely miss the phantom.
The phantom is severely damaged.
The phantom hits you.
The phantom blinks!
You blink.
You closely miss the phantom.
The phantom is severely damaged.
You closely miss the phantom.
The phantom is severely damaged.
The phantom misses you. The orc barely misses you.
You closely miss the phantom.
The phantom is severely damaged.
The orc barely misses you. The phantom barely misses you. The orc misses you.
The orc priest hits you with a +3 dagger.
You hit the phantom.
The phantom is severely damaged.
The orc misses you. The orc barely misses you.
The phantom hits you but does no damage.
The orc priest completely misses you.
You barely miss the phantom.
The phantom is severely damaged.
The orc hits you with a +0 flail. The orc hits you but does no damage.
The orc barely misses you.
The phantom hits you but does no damage.
The orc hits you with a +0 club.
The orc priest looks braver for a moment.
The orc closely misses you. The phantom closely misses you.
The phantom hits you!
* * * LOW HITPOINT WARNING * * *
The phantom blinks!
You blink.
The orc hits you but does no damage.
Items here: )) ? [.
The orc priest mumbles some strange prayers to Beogh against you.
Beogh smites you!
You die...

#...........# #...# #
###.._....######...#####
...#...#..#.#..............
............................
....#...#oooo#..............
....###.#.#..#######...#####
###.......W..# ###...### #
#########)## #.......# # #@#
#.#...#.# # #.# #.#..<#.#
##.######.#.....#
#.........#####.#
..######.....##..#####.#
.............##........#
.#######.....##.##...#.#
#...........#...###
##.........###....)


You could see a phantom, an orc priest and 3 orcs.

Vanquished Creatures
  An orc priest (D:3)
  7 gnolls
  5 adders
  A worm (D:2)
  A dart slug (D:1)
  5 orcs (D:3)
  5 endoplasms
  A giant cockroach (D:1)
  7 hobgoblins
  3 jackals (D:1)
  3 kobolds
  2 quokkas (D:2)
  4 ball pythons
  9 bats
  4 frilled lizards
  7 goblins
  5 rats
70 creatures vanquished.

Notes
Turn   | Place    | Note
-------+----------+-------------------------------------------
     0 | D:1      | DocClef the Merfolk Gladiator began the quest for the Orb.
     0 | D:1      | Reached XP level 1. HP: 16/16 MP: 1/1
   330 | D:1      | Reached skill level 5 in Polearms
   332 | D:1      | Reached XP level 2. HP: 21/22 MP: 2/2
   657 | D:1      | Found a faded altar of an unknown god.
   926 | D:1      | Reached skill level 6 in Polearms
   926 | D:1      | Reached XP level 3. HP: 27/27 MP: 3/3
  1245 | D:2      | Reached skill level 7 in Polearms
  1245 | D:2      | Reached XP level 4. HP: 8/33 MP: 4/4
  1404 | D:2      | HP: 1/33 [gnoll/+0 spear (5)]
  1852 | D:2      | Reached skill level 8 in Polearms
  1966 | D:3      | Reached XP level 5. HP: 25/38 MP: 5/5
  2405 | D:3      | Reached skill level 9 in Polearms
  2698 | D:3      | Found a white marble altar of Elyvilon.
  2702 | D:3      | Noticed a phantom
  2731 | D:3      | Killed from afar by an orc priest

Illustrated notes

Levels and vault maps discovered:
D:1:      ebering_trefoil_3fold, layout_loops_corners,
          chequers_ecumenical_altar_simple_redux
D:2:      layout_rooms
D:3:      layout_loops_cross, overflow_temple_1_default

Skill      XL: |  1  2  3  4  5 |
---------------+----------------+-----
Polearms       | 5 6 7 8 9 |  9.2
Fighting       | |  2.1
Throwing       | |  2.0
Dodging        | |  4.0

Action                   |  1- 3 |  4- 6 || total
-------------------------+-------+-------++-------
Melee: Trident           |    94 |   135 ||   229
       Punch             |     1 |       ||     1
  Use: Potion            |     2 |       ||     2
 Stab: Sleeping          |     3 |     1 ||     4
Armor: Leather armour    |    21 |    16 ||    37
       Skin              |     5 |     3 ||     8
Dodge: Dodged            |    46 |    54 ||   100
